 Dungeon Crawl Stone Soup version 0.31-a0-845-g9abc20d24f (webtiles) character file.

Game seed: 6515639903154206837

4 Kurtz the Shield-Bearer (level 1, -1/16 HPs)
             Began as an Octopode Fighter on Oct 2, 2023.
             Slain by an endoplasm (2 damage)
             ... on level 1 of the Dungeon.
             The game lasted 00:00:06 (103 turns).

Kurtz the Shield-Bearer (Octopode Fighter)           Turns: 103, Time: 00:00:06

Health: -1/16      AC:  1    Str: 15    XL:     1   Next: 60%
Magic:  1/1        EV: 13    Int: 10    God:
Gold:   19         SH:  4    Dex: 11    Spells: 0/0 levels left

rFire   . . .        a - +0 war axe
rCold   . . .        b - +0 buckler
rNeg    . . .        (helmet restricted)
rPois   .            (no amulet)
rElec   .            (no ring)
rCorr   .            (no ring)
SInv    .            (no ring)
Will    .....        (no ring)
Stlth   ++           (no ring)
HPRegen 0.22/turn    (no ring)
MPRegen 0.07/turn    (no ring)
                     (no ring)

%: no passive effects
@: no status effects
A: almost no armour, amphibious, 8 rings, camouflage 1, gelatinous body 1,
(nimble swimmer 1), tentacles
a: no special abilities


You were on level 1 of the Dungeon.
You visited 1 branch of the dungeon, and saw 1 of its levels.

You collected 19 gold pieces.

Inventory:

Hand Weapons
 a - a +0 war axe (weapon)
Armour
 b - a +0 buckler (worn)
Scrolls
 d - a scroll of amnesia {unknown}
 e - 4 scrolls of vulnerability {unknown}
Potions
 c - a potion of might


   Skills:
 - Level 3.0 Fighting
 * Level 2.4 Axes
 - Level 3.0 Dodging
 - Level 3.0 Shields


You couldn't memorise any spells.
You didn't know any spells.
Your spell library contained the following spells:

 Spells                   Type           Power      Damage    Failure   Level
 Ensorcelled Hibernation  Hex/Ice        0%         N/A       58%         2
 Jinxbite                 Hex            0%         N/A       58%         2
 Anguish                  Hex/Necr       0%         N/A       99%         4


Dungeon Overview and Level Annotations

Branches:
Dungeon (1/15)

Altars:


Innate Abilities, Weirdness & Mutations

You cannot wear most types of armour.
You are amphibious.
You can wear up to eight rings at the same time.
Your skin changes colour to match your surroundings (Stealth+).
Your rubbery body absorbs attacks. (AC +1, EV +1)
((You are camouflaged when in or above water. (Stealth+)))
You have tentacles for arms and can constrict up to eight enemies at once.


Message History

The ball python is severely wounded.
You block the ball python's attack. The ball python barely misses you.
You hit the ball python.
You kill the ball python!
An endoplasm and a kobold come into view.
The hobgoblin misses you.
You see here a ball python corpse.
You barely miss the hobgoblin.
The endoplasm quivers.
The kobold shouts!
Your grab misses the hobgoblin. Your squeeze misses the hobgoblin.
The hobgoblin hits you. The hobgoblin barely misses you.
You slash the hobgoblin!
You kill the hobgoblin!
The kobold throws a stone.
The stone barely misses you.
You see here a hobgoblin corpse.
You hit the endoplasm.
The endoplasm is lightly wounded.
The kobold throws a stone.
The stone closely misses you. The endoplasm misses you.
The endoplasm freezes you.
You are frozen.
You barely miss the endoplasm. Your squeeze misses the endoplasm.
The endoplasm is lightly wounded.
You hit the kobold. The kobold hits you with a +0 whip. The endoplasm hits you.
* * * LOW HITPOINT WARNING * * *
You are too injured to fight recklessly!
You are too injured to fight recklessly!
You are too injured to fight recklessly!
You slash the kobold!
You kill the kobold!
You barely miss the endoplasm. The endoplasm misses you.
The endoplasm freezes you.
You are frozen.
* * * LOW HITPOINT WARNING * * *
Unknown command.
You hit the endoplasm. You squeeze the endoplasm.
The endoplasm is severely wounded.
The endoplasm hits you.
You die...

# ##.............#
#.######.......######
.......####.####.....
....................#
.###...####.###.....
#...# #.# #.#..# #...#
#.###.#..#
#..#.###†..####..##.#..#
......J@.........†......
......)..[.#............
#..#............†.#.#...
. ....###..#..###...#..#
...... ...........>...#
...... .....#.#.#.....
#.... ...........#...
..... ..#.##.#.#.#...
..........


You could see an endoplasm.

Vanquished Creatures
  A hobgoblin (D:1)
  A ball python (D:1)
  A kobold (D:1)
  2 rats (D:1)
5 creatures vanquished.

Notes
Turn   | Place    | Note
-------+----------+-------------------------------------------
     0 | D:1      | Kurtz the Octopode Fighter began the quest for the Orb.
     0 | D:1      | Reached XP level 1. HP: 16/16 MP: 1/1
   103 | D:1      | Slain by an endoplasm

Illustrated notes

Levels and vault maps discovered:
D:1:      dpeg_arrival_three_bigger_balls, layout_basic, serial_bayou_pond_a

Action                     || total
---------------------------++-------
  Melee: War axe           ||    10
         Tentacles         ||     2
   Stab: Sleeping          ||     2
 Armour: Skin              ||     4
  Dodge: Dodged            ||     8
  Block: Buckler           ||     2

Table legend: (Time is in decaauts)
 A = Elapsed time spent in this place.
 B = Non-inter-level travel time spent in this place.
 C = Inter-level travel time spent in this place.
 D = Time resting spent in this place.
 E = Time spent auto-exploring this place.
 F = Levels seen in this place.
 G = Mean time per level.
                   A        B        C        D        E       F      G
               +--------+--------+--------+--------+--------+-----+--------+
         Total |    107 |    107 |      0 |      0 |     77 |   1 |  107.0 |
       Dungeon |    107 |    107 |      0 |      0 |     77 |   1 |  107.0 |
               +--------+--------+--------+--------+--------+-----+--------+

Top non-repeatable levels by time:
     D:1: 107 daAuts
